[Event "Romanian Rapid Open 2022"]
[Site "Sebes"]
[Date "2022.12.02"]
[Round "6.34"]
[White "Tariceanu, Victor"]
[Black "Arandjelovic, Aleksandar Z"]
[Result "1-0"]
[ECO "B20"]
[WhiteElo "1720"]
[BlackElo "1899"]
[Annotator "NA RC COMBH"]
[PlyCount "214"]
[EventDate "2022.12.02"]
[EventType "rapid"]
[EventCountry "ROU"]
[SourceTitle "playchess.com"]
[Source "ChessBase"]
[SourceQuality "1"]
[TimeControl "600+5"]

1. e4 c5 2. g3 Nc6 3. Bg2 g6 4. Ne2 Bg7 5. c3 d6 6. d4 cxd4 7. cxd4 Bg4 8. f3 Bd7 9. Nbc3 Nf6 10. Be3 O-O 11. O-O a6 12. Qd2 Re8 13. Rac1 e5 14. d5 Ne7 15. b3 Kh8 16. Nd1 b5 17. Nb2 Neg8 18. Nd3 a5 19. Rc2 h6 20. Rfc1 Kh7 21. Rc7 Re7 22. Bb6 Qb8 23. Bxa5 Ne8 24. Qc2 Nxc7 25. Bxc7 Qa7+ 26. Kh1 Qxa2 27. Bxd6 Qxc2 28. Rxc2 Ra1+ 29. Rc1 Rxc1+ 30. Nexc1 Re8 31. Bf1 f6 32. Nc5 Rc8 33. N1d3 Be8 34. Bh3 Ra8 35. Kg1 h5 36. f4 exf4 37. gxf4 Nh6 38. Kg2 Ra2+ 39. Kg1 Ra1+ 40. Kg2 b4 41. Nxb4 Bb5 42. Nbd3 Rd1 43. Nf2 Rd2 44. Be6 f5 45. exf5 gxf5 46. Kf3 Bd4 47. Nh3 Be2+ 48. Kg3 Kg6 49. Bd7 Ng4 50. Be8+ Kh6 51. Bf8+ Kh7 52. Kh4 Bf6+ 53. Ng5+ Kg8 54. Nce6 Bf3 55. Bf7+ Kh8 56. h3 Ne3 57. Kg3 Bxd5 58. Bc5 Rg2+ 59. Kh4 Nf1 60. Kxh5 Ng3+ 61. Kg6 Bxe6 62. Kxf6 Ne4+ 63. Nxe4 Bxf7 64. Ng5 Bxb3 65. Kxf5 Rd2 66. Be7 Rd5+ 67. Kg6 Rb5 68. f5 Kg8 69. f6 Rb6 70. h4 Bc2+ 71. Kh6 Bb3 72. Nf3 Rb5 73. Ng5 Bc4 74. Kg6 Bd3+ 75. Kh5 Be2+ 76. Kh6 Bc4 77. Bd8 Bb3 78. Be7 Bc4 79. Kh5 Be2+ 80. Kg6 Bd3+ 81. Kh6 Bc4 82. Bd6 Rb6 83. Be5 Rb5 84. Bc3 Rb3 85. Be5 Rb5 86. Bc7 Bb3 87. Bd8 Ra5 88. Be7 Ra4 89. h5 Bc2 90. Nf3 Ra5 91. Ng5 Bb3 92. Kg6 Bc2+ 93. Kh6 Bb3 94. Ne4 Bd1 95. Ng5 Bb3 96. Bd8 Bc4 97. Be7 Ra8 98. Ne4 Ra5 99. Ng5 Bb3 100. Bd8 Bc4 101. Be7 Bb3 102. Bd8 Bf7 103. Bxa5 Bd5 104. Kg6 Bc4 105. f7+ Bxf7+ 106. Nxf7 Kf8 107. h6 Ke8 1-0

[Event "Romanian Rapid Open 2022"]
[Site "Sebes"]
[Date "2022.12.02"]
[Round "6.35"]
[White "Hoanca, Alexia-Ioana"]
[Black "Negrean, Andrei"]
[Result "0-1"]
[ECO "B31"]
[WhiteElo "1644"]
[BlackElo "1991"]
[Annotator "TA"]
[PlyCount "207"]
[EventDate "2022.12.02"]
[EventType "rapid"]
[EventCountry "ROU"]
[SourceTitle "playchess.com"]
[Source "ChessBase"]
[SourceQuality "1"]
[TimeControl "600+5"]

1. e4 c5 2. Nf3 Nc6 3. Bb5 g6 4. c3 Nf6 5. Qe2 Bg7 6. O-O O-O 7. e5 Nd5 8. d4 {[%emt 0:00:05] B31: Sicilian: 2...Nc6 3 Bb5 g6.} cxd4 9. cxd4 d6 10. Nc3 {[%emt 0:00:18] The position is equal.} Nxc3 (10... Be6 {seems wilder.} 11. Bxc6 bxc6 12. Ng5 Qd7) 11. bxc3 {[%emt 0:00:01] [#]} dxe5 $146 ({Predecessor:} 11... Bg4 12. exd6 exd6 13. h3 Re8 14. Be3 Bd7 15. a4 Rc8 16. a5 Ne7 17. Ra3 Nf5 18. Re1 Bh6 19. Bxd7 Qxd7 {0-1 (48) Sonntag,H (2133)-Woellermann,J (2230) Germany 2014}) 12. Bxc6 bxc6 13. Nxe5 Qd5 14. Bf4 Be6 (14... c5 $15) 15. Rfd1 $11 Rac8 16. c4 Qa5 17. Nf3 (17. h3 $11) 17... Qa6 18. Rac1 Bg4 19. h3 (19. Qxe7 {is more complex.} Rfe8 20. Qh4 Bxf3 21. gxf3 Qxa2 22. Kg2) 19... Bxf3 20. Qxf3 Qxa2 21. Qe3 e6 22. Rd3 Qa6 (22... Rfd8 $17 23. Ra3 Qb2) 23. h4 h5 24. Bh6 Qb7 25. Bxg7 Kxg7 26. Qe5+ Kg8 27. Rg3 Qe7 (27... Kh7 $15) 28. Qxh5 Qf6 (28... Kg7 {feels hotter.} 29. Ra1 Rcd8 30. Rg4 Rd7) 29. Qg4 (29. Qh6 {keeps more tension.} Rfd8 30. h5 Rxd4 31. hxg6 Rh4 32. gxf7+ Kxf7 33. Qxf6+ Kxf6 34. Rf3+) 29... Rcd8 30. Rd3 (30. Rd1 $14) 30... Qf5 31. Qxf5 exf5 {[%emt 0:00:02][%mdl 4096] Endgame KRR-KRR} 32. Ra1 Rd7 33. Ra6 Rc8 34. Kf1 Kg7 35. Ke2 Rcd8 36. Ke3 Re8+ 37. Kd2 $1 Rc8 38. Kc3 Re7 39. Re3 Rb7 40. Re2 (40. c5 $16) 40... Rcb8 {[%emt 0:00:06] [#]} (40... c5 $14) 41. Ra3 (41. Rxc6 $6 Rb3+ 42. Kd2 Rb2+ 43. Ke1 Rb1+ 44. Kd2 R1b2+ 45. Ke1 Rb1+ 46. Kd2 R1b2+ $11) (41. Rea2 $1 $16) 41... a5 (41... Rb1 $11 {was preferrable.}) 42. Rea2 $1 $14 ({But not} 42. Rxa5 Rb3+ 43. Kd2 Rb2+ 44. Ke1 Rb1+ 45. Kd2 R1b2+ 46. Ke1 Rb1+ 47. Kd2 R1b2+ $11) 42... Rb1 ({Black should play} 42... Rh8 $1 $14) 43. Rxa5 $16 Rc1+ 44. Rc2 Rg1 (44... Rcb1 $16 {keeps fighting.}) 45. g3 (45. Ra6 $18 {and White stays clearly on top.}) 45... f4 46. gxf4 Rg4 47. Ra6 Rc8 (47... Rxf4 $14 48. Rd2 (48. Rxc6 Rf3+ 49. Kd2 Rxf2+ 50. Kc1 Rf1+ 51. Kd2 Rf2+ 52. Kc3 Rf3+ 53. Kd2 Rf2+ $11) 48... Rf3+ 49. Kc2 Rc8) 48. f5 gxf5 49. Ra5 (49. h5 $16) 49... Kf6 (49... Rxh4 $14 50. Rxf5 Ra8) 50. Re2 Rxh4 51. Ree5 (51. Rc5 $16) 51... Rf4 $11 {[%emt 0:00:02] Inhibits d5.} 52. Rec5 Rf3+ 53. Kd2 Rxf2+ 54. Ke3 {[%emt 0:00:01][%mdl 64] Deflection} Rh2 55. Rxf5+ Kg6 56. Rg5+ Kf6 57. Rgf5+ Kg6 58. Rg5+ Kf6 59. Rgf5+ Kg7 60. Rac5 Re8+ 61. Kf3 Re6 62. Rg5+ Kf8 63. d5 cxd5 64. Rgxd5 Rh3+ 65. Kf4 Rh4+ 66. Kf3 Rh3+ 67. Kf4 Rh4+ 68. Kf3 Ree4 69. Rc8+ Kg7 70. c5 Ra4 71. Kg3 Rhc4 {[%emt 0:00:03] And now ...Ra3+ would win.} 72. Rd3 {[%emt 0:00:11] Prevents Ra3.} Ra5 73. c6 (73. Kf3 {simplifies} Raxc5 74. Rxc5 Rxc5 75. Rd4) 73... Rac5 74. Rf3 Rxc6 75. Rxc6 Rxc6 {[%emt 0:00:01] KR-KR} 76. Ra3 Kg6 77. Kg4 Rc4+ 78. Kg3 Kg5 79. Ra5+ $1 f5 80. Ra8 Rc3+ 81. Kg2 $1 Kg4 82. Rg8+ Kf4 83. Rf8 Rc2+ 84. Kf1 Ke4 85. Ke1 ({Of course not} 85. Re8+ Kf3 86. Kg1 Rc1+ 87. Kh2 f4 $17) (85. Ra8 $11) 85... f4 $17 {[%emt 0:00:13] ( -> ...Kf3). Black is more active.} 86. Re8+ $2 {[%emt 0:00:12][%mdl 8192] [#]} (86. Kf1 $17) 86... Kf3 $1 87. Rf8 Rc1+ 88. Kd2 Ra1 89. Rf7 Kg3 $2 (89... Rf1 {mates} 90. Rf8 Kg2 91. Rg8+ Kf2 92. Rf8 f3 93. Kc3 Rg1 94. Kd4 Kg2 95. Ke3 Re1+ 96. Kf4 f2 97. Rg8+ Kf1 98. Kf3 Ra1 99. Rc8 Rd1 100. Rf8 Rd3+ 101. Ke4 Ra3 102. Kd4 Ke1 103. Re8+ Kd2 104. Rf8 Ke1 105. Re8+ Kd2 106. Rf8 Ke1) 90. Rg7+ $2 (90. Ke2 $17) 90... Kf2 {[%emt 0:00:01] Black mates.} 91. Rf7 f3 92. Rf6 Ra8 93. Kd3 Rd8+ 94. Ke4 Re8+ 95. Kf4 Ke2 96. Kg3 Rg8+ 97. Kf4 f2 98. Re6+ Kd2 99. Rd6+ Kc2 100. Rc6+ Kb3 101. Rb6+ Ka4 102. Ra6+ Kb5 103. Ra1 Rg1 104. Ra5+ {[%emt 0:00:31] Black used his chance.   Weighted Error Value: White=0.19 (very precise) /Black=0.21 (precise)} 0-1

[Event "Romanian Rapid Open 2022"]
[Site "Sebes"]
[Date "2022.12.02"]
[Round "6.36"]
[White "Stefan, Iulia-Cristiana"]
[Black "Jiros, Doru"]
[Result "1-0"]
[ECO "B24"]
[WhiteElo "1662"]
[BlackElo "1936"]
[Annotator "TA"]
[PlyCount "44"]
[EventDate "2022.12.02"]
[EventType "rapid"]
[EventCountry "ROU"]
[SourceTitle "playchess.com"]
[Source "ChessBase"]
[SourceQuality "1"]
[TimeControl "600+5"]

1. e4 c5 2. Nc3 Nc6 3. g3 d6 4. Bg2 Nf6 5. d3 e5 6. Nh3 {[%emt 0:00:06] B24: Closed Sicilian: 3 g3 sidelines.} Be7 7. O-O O-O 8. f4 {[%emt 0:00:02] The position is equal.} exf4 9. Nxf4 {[%emt 0:00:11] [#]} Bd7 $146 ({Predecessor:} 9... Nd4 10. h3 Ne6 11. Be3 Nxf4 12. gxf4 Ne8 13. Nd5 Nc7 14. Nxe7+ Qxe7 15. f5 f6 {1-0 (36) Leniart,A (2423)-Mrvova,A (2262) Banska Stiavnica 2010}) 10. Ncd5 b5 11. c3 a5 12. Nxf6+ Bxf6 13. Nd5 {[%emt 0:00:06] [#] Black must now prevent Nxf6+.} Ne5 $2 {[%emt 0:00:12] Loses the game.} (13... Bg5 $11 {and Black is okay.}) 14. Nxf6+ gxf6 15. d4 cxd4 16. cxd4 Ng6 17. Bh6 Re8 18. Qf3 Rc8 19. h4 {[%emt 0:02:21] Inhibits d5.} Rc2 20. Rf2 {[%emt 0:00:14] Prevents d5.} Rc1+ (20... Rxf2 21. Qxf2 (21. Kxf2 Bc6 $16) 21... Bg4) 21. Rxc1 $18 Qe7 22. Qxf6 {[%emt 0:00:10][%csl Gh6][%cal Rf6g7] [#]} Qd8 {[%emt 0:06:17] Weighted Error Value: White=0.08 (flawless) /Black=0.37} 1-0

[Event "Romanian Rapid Open 2022"]
[Site "Sebes"]
[Date "2022.12.02"]
[Round "6.37"]
[White "Apostu, Rares-Stefan"]
[Black "Dima, Ioan-Radu"]
[Result "1/2-1/2"]
[ECO "C42"]
[WhiteElo "1331"]
[BlackElo "1819"]
[Annotator "NA RC COMBH"]
[PlyCount "204"]
[EventDate "2022.12.02"]
[EventType "rapid"]
[EventCountry "ROU"]
[SourceTitle "playchess.com"]
[Source "ChessBase"]
[SourceQuality "1"]
[TimeControl "600+5"]

1. e4 e5 2. Nf3 Nf6 3. Nxe5 d6 4. Nf3 Nxe4 5. d4 d5 6. Bd3 Be7 7. O-O O-O 8. c4 Nf6 9. Nc3 c6 10. Re1 Nbd7 11. Qc2 dxc4 12. Bxc4 Nb6 13. Bd3 h6 14. Bd2 Nbd5 15. Nxd5 Nxd5 16. Ne5 Nb4 17. Bxb4 Bxb4 18. Re3 Be6 19. Rd1 Bd6 20. Rg3 Kh8 21. Bh7 Bxe5 22. dxe5 Qa5 23. Qe4 Rad8 24. Rf1 Qd5 25. a3 Qxe4 26. Bxe4 Rd2 27. b4 Re2 28. Bd3 Rxe5 29. f4 Rd5 30. f5 Bc8 31. f6 g6 32. Bc4 Rd4 33. Bb3 Bf5 34. Re3 Rd6 35. Re7 Be6 36. Bxe6 Rxe6 37. Rxb7 a5 38. Re7 axb4 39. axb4 Kg8 40. Rf3 Rxe7 41. fxe7 Re8 42. Rc3 Rxe7 43. Rxc6 Rb7 44. Rc4 Kg7 45. Kf2 Kf6 46. Ke3 Ke5 47. Kd3 f5 48. Kc3 g5 49. Kd3 Rd7+ 50. Ke3 f4+ 51. Kf3 Rb7 52. g3 fxg3 53. hxg3 Kd5 54. Re4 h5 55. Re8 Rxb4 56. Rg8 Rg4 57. Rh8 Ke5 58. Rxh5 Kf5 59. Rh8 Rb4 60. Rf8+ Kg6 61. Rg8+ Kf6 62. Rc8 g4+ 63. Ke3 Ke5 64. Rc5+ Kf6 65. Rd5 Ke6 66. Rd8 Ke5 67. Re8+ Kf5 68. Rd8 Re4+ 69. Kd3 Re1 70. Rf8+ Kg5 71. Rg8+ Kf5 72. Rf8+ Kg5 73. Rg8+ Kh5 74. Rh8+ Kg6 75. Rg8+ Kf5 76. Rf8+ Kg6 77. Rf4 Kg5 78. Re4 Rf1 79. Re5+ Kf6 80. Re3 Kf5 81. Ke2 Ra1 82. Kd3 Rg1 83. Kd4 Rd1+ 84. Kc3 Rf1 85. Kd3 Ra1 86. Kd4 Rd1+ 87. Rd3 Rf1 88. Ke3 Rh1 89. Rd5+ Ke6 90. Rg5 Rc1 91. Rxg4 Kf5 92. Rf4+ Kg5 93. Ke4 Rc4+ 94. Ke5 Rc3 95. Rf8 Re3+ 96. Kd4 Re7 97. Rg8+ Kf5 98. g4+ Kf6 99. g5+ Kf7 100. Rh8 Kg6 101. Rg8+ Kf7 102. Ra8 Kg6 1/2-1/2

[Event "Romanian Rapid Open 2022"]
[Site "Sebes"]
[Date "2022.12.02"]
[Round "6.38"]
[White "Cordea, David"]
[Black "Butuza, Stefan Aurelian"]
[Result "1-0"]
[ECO "D02"]
[WhiteElo "2049"]
[BlackElo "1529"]
[Annotator "TA"]
[PlyCount "89"]
[EventDate "2022.12.02"]
[EventType "rapid"]
[EventCountry "ROU"]
[SourceTitle "playchess.com"]
[Source "ChessBase"]
[SourceQuality "1"]
[TimeControl "600+5"]

1. Nf3 d5 2. d4 e6 3. g3 c5 4. Bg2 Nf6 5. O-O Nc6 6. b3 Be7 {[%emt 0:00:00] D02: 1 d4 d5 2 Nf3 sidelines, including 2...Nf6 3 g3 and 2...Nf6 3 Bf4.} 7. dxc5 Bxc5 8. Bb2 {[%emt 0:00:00] Against e5} O-O {[%emt 0:00:00] The position is equal.} 9. Nbd2 b6 10. e3 Bb7 11. c4 dxc4 12. Nxc4 {[%emt 0:00:00] [#]} Qxd1 $146 ({Predecessor:} 12... b5 13. Nce5 Nxe5 14. Nxe5 Bxg2 15. Kxg2 Rc8 16. Rc1 Qa5 17. Ng4 Be7 18. Qf3 Qxa2 19. Rxc8 Rxc8 {½-½ (72) Li,D (2390)-Xu,Y (2387) Beijing 2019}) 13. Rfxd1 Rad8 14. Nfe5 Nxe5 15. Nxe5 Bxg2 16. Kxg2 h6 17. Nc6 Rxd1 18. Rxd1 {[%emt 0:00:00] Hoping for Bxf6.} a5 (18... Rc8 $1 $11 19. Rd8+ (19. Nxa7 Ra8 $11) 19... Rxd8 20. Nxd8 a5) 19. a4 (19. Bxf6 $16 gxf6 20. Rd7) 19... Rc8 $14 20. Ne5 {[%emt 0:00:00] [#]} ({White should try} 20. Na7 $11 Re8 21. Kf3) 20... Kf8 ({Better is} 20... Bxe3 $1 $15 21. Nc4 Bc5) 21. Nc4 Ke7 22. Kf3 g6 (22... Ne8 $11 {remains equal.}) 23. Ke2 {[%emt 0:00:00] White is more active.} (23. Bxf6+ $1 $16 Kxf6 24. Rd7) 23... Nd5 24. e4 Nb4 25. Ba3 Rd8 $2 (25... g5 $11) 26. Rxd8 $18 Kxd8 27. Bxb4 axb4 {[%emt 0:00:00][%mdl 4096] Endgame KB-KN} 28. f3 Ke7 29. Kd3 f6 {[%emt 0:00:02] [#]} (29... h5 $16 {was worth a try.}) 30. Nb2 $1 Kd6 {[%emt 0:00:11] [#]} 31. Kc4 $1 Kc6 32. Nd3 {[%emt 0:00:00][%cal Od3c5] And now Nxc5! would win.} Be7 (32... Bg1) 33. g4 ({Less strong is} 33. Nxb4+ Kc7 34. Nd3 g5 $18) 33... f5 $2 (33... Bd6 34. Nxb4+ Kd7) 34. Ne5+ Kc7 35. Nxg6 Bd6 36. e5 Bc5 37. Nf4 Kd7 38. gxf5 exf5 39. Kd5 Ke7 40. Nd3 Bg1 41. h3 Kf7 42. Nxb4 h5 43. e6+ Kf6 44. Nd3 {[%emt 0:00:00] Threatening mate with Kd6.} Kg5 45. e7 {[%emt 0:00:00] Weighted Error Value: White=0.20 (precise) /Black=0.66} 1-0

[Event "Romanian Rapid Open 2022"]
[Site "Sebes"]
[Date "2022.12.02"]
[Round "6.39"]
[White "Tatar, Marius Lucian"]
[Black "Ambru, Dan-Calin"]
[Result "0-1"]
[ECO "B51"]
[WhiteElo "1405"]
[BlackElo "1957"]
[Annotator "TA"]
[PlyCount "146"]
[EventDate "2022.12.02"]
[EventType "rapid"]
[EventCountry "ROU"]
[SourceTitle "playchess.com"]
[Source "ChessBase"]
[SourceQuality "1"]
[TimeControl "600+5"]

1. e4 c5 2. Nf3 Nc6 3. Bb5 d6 4. O-O Bd7 5. Re1 Nf6 6. c3 a6 7. Bf1 Bg4 8. h3 Bxf3 9. Qxf3 e6 $1 {[%emt 0:00:01][%mdl 4] outshines the older 9...g6. B51: Sicilian: Moscow Variation (3 Bb5+) without 3...Bd7.} 10. Qd1 Be7 11. d4 d5 {[%emt 0:00:01] The position is equal.} 12. e5 {[%emt 0:00:06] [#]} Nd7 $146 ({Predecessor:} 12... Ne4 13. Be3 O-O 14. Na3 cxd4 15. cxd4 Bb4 16. Qg4 Bxe1 17. Rxe1 f5 18. exf6 Qxf6 {½-½ (49) Schmaltz,R (2460)-Inkiov,V (2418) Germany 2022}) 13. Qg4 (13. Na3 $142) 13... g6 (13... g5 $5 ) 14. Bh6 ({White should try} 14. Na3 $11) 14... cxd4 15. cxd4 Qb6 16. Nc3 (16. Be3 $1 $15) 16... Qxd4 $17 (16... Nxd4 17. Be3 $18) (16... Qxb2 17. Rac1 Bb4 18. Re2 $11) 17. Qg3 Bh4 (17... Ndxe5 18. Rad1 Bh4 19. Rxd4 Bxg3 20. Ra4 $16 (20. fxg3 Nxd4 21. Rxe5 f6 $15)) 18. Qe3 (18. Qf3 $142) 18... Qxe3 $19 (18... Ndxe5 19. Qxd4 $16) (18... Qxe5 19. Qxe5 Ndxe5 20. Bg7 $14) 19. Rxe3 d4 (19... Ndxe5 20. Rxe5 (20. Bg7 d4 $15) 20... Nxe5 21. Bg7 $15) 20. Re4 Bxf2+ (20... dxc3 21. Rxh4 cxb2 22. Rb1 $15) 21. Kxf2 dxc3 22. bxc3 O-O-O ({Don't take} 22... Ndxe5 23. Bg7 O-O-O 24. Bxe5 Nxe5 25. Rxe5 $16) 23. Rb1 (23. Re3 $17 {was necessary.}) 23... Nc5 (23... Ncxe5 24. Bg7 $11) 24. Rc4 (24. Rh4 $17) 24... Nd3+ (24... Rd5 $19 {and Black stays clearly on top.} 25. Kg1 (25. Be3 $2 Nd7 $17) 25... Rg8) 25. Bxd3 $17 Rxd3 26. Bg7 (26. Rf1 $17) 26... Rhd8 {[%emt 0:00:09] Hoping for ...Rd2+.} 27. Bf6 $2 (27. Re1) 27... R8d5 28. a4 Kc7 29. Rh4 (29. Bg7 $142) 29... h5 $19 ({Weaker is} 29... Nxe5 30. Rxh7 Nd7 31. Be7 $19 (31. Rxf7 $2 {is the wrong capture.} Rf5+ 32. Ke2 Rdd5 $19)) 30. Rc4 b5 31. axb5 axb5 32. Re4 Rxc3 33. h4 b4 34. g4 (34. Bg5 $142) 34... hxg4 35. Rxg4 Rd2+ 36. Kg1 b3 {[%emt 0:00:10] [#] White must now prevent ...b2.} 37. Bg5 {[%emt 0:00:38] Inhibits b2.} Rdd3 38. Rf4 Nxe5 {[%emt 0:00:10] And now ...Nf3+ would win.} 39. Rf6 Nf3+ 40. Kf1 Nxg5 41. hxg5 Rf3+ 42. Rxf3 Rxf3+ {[%emt 0:00:00][%mdl 4096] Endgame KR-KR} 43. Kg2 Rf5 44. Rxb3 Rxg5+ 45. Kf3 Rf5+ 46. Ke4 Kd6 47. Rd3+ Ke7 48. Ra3 Kf6 {[%emt 0:00:00] [#] ...g5 is the strong threat.} 49. Ra7 Rh5 50. Kf4 Rh4+ 51. Kg3 g5 {[%emt 0:00:00] ( -> ...Rf4)} 52. Rc7 Ra4 (52... Rf4 $142 53. Kh2 e5 54. Rc6+ Kf5 55. Kg1 e4 56. Kh2 Kg4 57. Rc3 Rf2+ 58. Kh1 Kf4 59. Kg1 Rf3 60. Rc1 f5 61. Kh2 g4 62. Rc2 e3 63. Kg2 Kg5 64. Rc5 Kh4 65. Rc2 f4 66. Kg1 g3 67. Rg2 Rf2 68. Rxf2 gxf2+ 69. Kg2 Kg4 70. Kf1 Kg3 71. Ke2 f3+ 72. Kd3 e2 73. Ke4 f1=Q 74. Ke5 e1=Q+ 75. Kd6 Qc4 76. Kd7 Qee6+ 77. Kd8 Qcc8#) 53. Rc5 e5 54. Rc7 Kg6 (54... Rf4 $142 55. Rc6+ Kf5 56. Kh2 g4 57. Kh1 Rf1+ 58. Kh2 e4 59. Kg2 Rf3 60. Rh6 e3 61. Rh7 Kg6 62. Rh8 Kg5 63. Ra8 f5 64. Ra5 Rf2+ 65. Kg3 Rf1 66. Re5 Rf3+ 67. Kh2 Kh4 68. Kg1 f4 69. Re4 Rf2 70. Re7 Kg3 71. Rb7 e2 72. Rb3+ f3 73. Rb1 Rg2+ 74. Kh1 Rh2+ 75. Kg1 f2#) 55. Rc6+ Kf5 {[%emt 0:00:00] Black mates.} 56. Rc7 Ra3+ 57. Kf2 f6 58. Rc4 e4 59. Rc5+ Kf4 60. Rc2 f5 61. Ke2 Rh3 62. Rc5 Rh2+ 63. Kf1 Kg4 64. Kg1 Ra2 65. Rc3 f4 66. Kf1 e3 67. Ke1 Kf3 68. Rc1 g4 69. Kf1 g3 70. Re1 Rf2+ 71. Kg1 e2 72. Kh1 Rf1+ 73. Rxf1+ exf1=R# {[%emt 0:00:00] Weighted Error Value: White=0.69/Black=0.17 (very precise)} 0-1

[Event "Romanian Rapid Open 2022"]
[Site "Sebes"]
[Date "2022.12.02"]
[Round "7.1"]
[White "Gavrilescu, David"]
[Black "Miron, Lucian-Costin"]
[Result "1-0"]
[ECO "C28"]
[WhiteElo "2523"]
[BlackElo "2510"]
[Annotator "TA"]
[PlyCount "87"]
[EventDate "2022.12.02"]
[EventType "rapid"]
[EventCountry "ROU"]
[SourceTitle "playchess.com"]
[Source "ChessBase"]
[SourceQuality "1"]
[TimeControl "600+5"]

1. e4 e5 2. Bc4 Nf6 3. d3 Nc6 4. Nc3 Na5 5. Qf3 c6 6. Nge2 {[%emt 0:00:02] C28: Vienna Game: 2...Nf6 3 Bc4 Nc6.} b5 7. Bb3 d6 8. h3 {[%emt 0:00:18] The position is equal.} Be7 9. Be3 O-O 10. g4 Nxb3 (10... Bb7 {keeps more tension.} 11. g5 Nd7 12. h4 Nb6) 11. axb3 a6 12. Ng3 {[%emt 0:00:18] [#]} (12. g5 $5 Nd7 13. Qg2 $11) 12... Be6 $146 (12... a5 {simplifies} 13. Nf5 Bxf5 14. gxf5 Kh8) ({Predecessor:} 12... Ne8 13. Nf5 Bg5 14. Bxg5 Qxg5 15. h4 Qf6 16. b4 Bxf5 17. g5 Bg4 18. Qxg4 {½-½ (49) Heinemann,E (2167)-Doerge,S (1905) Verden 2004}) 13. Nf5 d5 (13... Bxf5 $11 14. gxf5 d5) 14. g5 (14. Nxe7+ {simplifies} Qxe7 15. Bg5 Rfc8 16. Bxf6 Qxf6 17. Qxf6 gxf6 18. exd5 cxd5 19. Kd2) 14... Ne8 15. exd5 Bxf5 16. Qxf5 b4 17. Na4 {[%emt 0:04:36][%cal Bc3a4,Ba4b6,Bb6c4][%mdl 32] And now Nb6 would win.} Qxd5 18. Qe4 Qb5 (18... Nd6 $2 19. Qxd5 cxd5 20. Nb6 $18) 19. Nb6 (19. h4 {simplifies} f5 20. Qc4+ Qxc4 21. dxc4 Nc7 22. Bc5) 19... Rd8 20. Nc4 (20. f4 exf4 21. Qxf4 (21. Qxe7 Nd6 $17) 21... Bd6 $11) (20. Qg4 $5 ) 20... Nd6 21. Qxe5 Qb7 (21... Nxc4 $14 22. Qxb5 (22. Qxe7 Nxe3 23. fxe3 Rfe8 $15) 22... axb5 23. dxc4 (23. bxc4 bxc4 24. dxc4 f5 $16) 23... f6) 22. Bd4 {[%emt 0:00:00][%csl Gd4][%cal Re5g7] White has more active pieces.} Nf5 {[%emt 0:00:00][%mdl 64] [#]} 23. Bb6 (23. Qxf5 $16 Rxd4 24. f4) 23... Rd5 $14 24. Qf4 ({White should play} 24. Qc7 $16 Qxc7 25. Bxc7) 24... Nd6 {[%emt 0:00:04] Threatens to win with ...c5.} (24... c5 $5 25. Qe4 Qd7 $11) 25. h4 $2 {[%emt 0:00:00][%mdl 8192] [#]} (25. Be3 $11 {and White is okay.}) 25... Nxc4 $2 (25... c5 $1 $19 26. O-O-O Rd4) 26. bxc4 (26. dxc4 $16 Bd6 27. Qf3 Re8+ 28. Be3) 26... Bd6 (26... Rd7 $1 $14 27. c5 b3) 27. Qf3 $36 {[%emt 0:00:00][%mdl 2048] White is on the roll.} Re5+ 28. Be3 Rfe8 29. Kd2 (29. Kd1 {is more complex.} b3 30. c3 g6 31. h5) 29... R5e6 ({Better is} 29... g6 $14) 30. Rhe1 (30. h5 $16) 30... Be5 $1 31. d4 Bd6 (31... Rd8 $14) 32. b3 (32. Rg1 $142) 32... Qd7 (32... Re4 $16 {is a better defense.}) 33. Kc1 (33. Rxa6 $6 Bc5 $16) 33... Qc8 34. Kb2 {[%emt 0:00:03] Prevents f5.} c5 35. Red1 cxd4 36. Bxd4 Re2 (36... Bc7 $16 37. Rd3 Re4) 37. Bxg7 $18 {[%emt 0:00:11] Dancing on a razor blade.} Kxg7 $2 (37... Qe6) 38. Rxd6 {[%emt 0:00:01] White is clearly winning.} Qc5 39. Qf6+ ({Not} 39. Raxa6 Qe5+ 40. Kc1 Re1+ 41. Kd2 (41. Rd1 $2 Rxd1+ 42. Qxd1 Qc3 $19) 41... Kg8 $11) (39. Rdxa6 $2 {is a self mate.} Qd4+ 40. Kc1 Re1+) (39. Rd7 $2 Qe5+ 40. Kb1 Re1+ 41. Rd1 Rxd1+ 42. Qxd1 Qc3 43. Rxa6 Re1 $19) 39... Kg8 40. Rd8 Rxd8 41. Qxd8+ Kg7 {[%emt 0:00:00] ( -> ...Qe5+)} 42. Qf6+ (42. Rxa6 {leads to mate.} Qe5+ 43. Kc1 Re1+) 42... Kg8 43. Rxa6 {[%emt 0:00:02] aiming for Ra8+.} Re8 {[%emt 0:00:03] Inhibits Ra8.} 44. h5 {[%emt 0:00:06] Weighted Error Value: White=0.32/Black=0.58} 1-0

[Event "Romanian Rapid Open 2022"]
[Site "Sebes"]
[Date "2022.12.02"]
[Round "7.2"]
[White "Nevednichy, Vladislav"]
[Black "Stoleriu, George"]
[Result "1-0"]
[ECO "B12"]
[WhiteElo "2499"]
[BlackElo "2389"]
[Annotator "TA"]
[PlyCount "96"]
[EventDate "2022.12.02"]
[EventType "rapid"]
[EventCountry "ROU"]
[SourceTitle "playchess.com"]
[Source "ChessBase"]
[SourceQuality "1"]
[TimeControl "600+5"]

1. e4 c6 2. d4 d5 3. e5 Bf5 4. h4 h5 5. c4 e6 6. Nc3 Nd7 7. cxd5 cxd5 8. Qb3 {[%emt 0:00:36] B12: Caro-Kann: Advance Variation.} Qb6 9. Bb5 Ne7 10. Na4 $1 {[%emt 0:00:25] White has an edge.} Qc7 (10... Qxd4 $2 11. Ne2 $18) 11. Bd2 Nc6 12. Rc1 {[%emt 0:00:03] [#]} Be7 $146 ({Predecessor:} 12... a6 13. Bxc6 bxc6 14. Nf3 {½-½ (14) Hjartarson,J (2585)-Khalifman,A (2645) Tilburg 1994}) 13. Ne2 Rc8 14. Nf4 (14. Qg3 $142) 14... Qd8 (14... Qb8 {simplifies} 15. Bxc6 Rxc6 16. Rxc6 bxc6 17. Qxb8+ Nxb8 18. f3 Nd7) 15. Bxc6 bxc6 16. Bb4 Rb8 17. Bxe7 Qxe7 18. Qc3 Qb4 (18... f6 $11) 19. b3 $1 $14 g6 ({Better is} 19... O-O $14) 20. Ne2 O-O (20... Qxc3+ $16 21. Rxc3 Nb6) 21. Qxb4 $18 Rxb4 22. Kd2 {[%emt 0:00:10] Inhibits Bd3.} f6 23. exf6 e5 (23... Rc8 $16) 24. Rxc6 exd4 25. f3 (25. Nf4 $18) 25... Ne5 $16 26. Ra6 Bd3 (26... Rc8 {might work better.} 27. Rc1 Rxc1 28. Kxc1 Kf7 29. Rxa7+ Kxf6 30. Ra6+ Kf7) 27. Re6 $18 (27. Rxa7 Bxe2 28. Kxe2 Rxf6 $18) 27... Nc4+ $2 (27... Nd7 28. Kxd3 Rxa4 29. bxa4 Nc5+ 30. Kxd4 Nxe6+ 31. Kxd5 Rxf6) 28. bxc4 $2 (28. Kxd3 $18 {and the rest is easy.} Ne3 29. Nf4) 28... Bxc4 {[%emt 0:00:02] [#]} 29. Nxd4 $1 Rxa4 30. Rhe1 (30. Rc1 $16) 30... Rxa2+ ({Much less strong is} 30... Bxa2 31. Ke3 $18) (30... Ra3 $5 31. Nc2 Rxa2 $11) 31. Ke3 {[%emt 0:00:03] aiming for Kf4.} Ra6 $1 32. Rxa6 Bxa6 $14 {[%emt 0:00:01][%mdl 4096] Endgame KRB-KRN} 33. Kf4 {[%emt 0:00:04] Threatens to win with Kg5.} Rxf6+ 34. Ke5 (34. Kg5 $5 Rb6 35. Ra1 $14) 34... Kf7 35. Ra1 Rb6 36. Ra5 Ke7 37. Rc5 Kd7 {[%emt 0:00:05] Against Rc7+} 38. Rxd5+ Ke7 39. Ra5 Kd7 40. Kf4 Kc7 41. Rc5+ Kb7 42. Re5 Bf1 43. g4 hxg4 $1 44. fxg4 Rb4 45. Ke3 Bc4 {[%emt 0:00:12] [#]} (45... Rb6 $14) 46. Re7+ $1 $16 Kb6 $2 {[%emt 0:00:00] [#]} (46... Ka8 $16 {was worth a try.}) 47. Rg7 $1 $18 Kc5 48. Rxg6 Bd5 {[%emt 0:00:01] Weighted Error Value: White=0.25 (precise) /Black=0.25 (precise)} 1-0